 Dungeon Sprint DCSS version 0.30.1-11-g7821555f0a (webtiles) character file.

Game seed: 185498290536749477

3542 Groucho the Timeless (level 10, -9/78 HPs)
             Began as a Naga Wanderer on Nov 25, 2023.
             Was a High Priest of Cheibriados.
             Mangled by a freezing wraith (13 damage)
             ... summoned by a mummy priest
             ... in the Dungeon (Sprint V: "Ziggurat Sprint").
             The game lasted 00:04:14 (1004 turns).

Groucho the Timeless (Naga Wanderer)                Turns: 1004, Time: 00:04:14

Health: -9/78      AC: 27    Str: 34    XL:     10   Next: 8%
Magic:  14/21      EV: 11    Int: 28    God:    Cheibriados [*****.]
Gold:   0          SH: 31    Dex: 25    Spells: 10/11 levels left

rFire   . . .        N - +6 shillelagh "Devastator" {shatter}
rCold   . . .        G - +18 shield of the Gong {Loud rN+ Will+ rCorr EV-5}
rNeg    + . .        F - +15 Maxwell's patent armour {-Cast -Tele rElec Will+ rCorr}
rPois   +            (no helmet)
rElec   +            (no cloak)
rCorr   +            (no gloves)
SInv    +            (no barding)
Will    +++..        (no amulet) Stlth
                     y - +6 ring of strength
HPRegen 0.33/turn    S - +5 ring of evasion
MPRegen 0.17/turn

%: no teleportation, no spellcasting
@: lethally poisoned (-9 -> -14), slowed, very slow
A: AC +3, large, see invisible, deformed body, poison resistance, slowness 2,
spit poison 1, naga tail 1
a: Spit Poison, Renounce Religion, Bend Time, Temporal Distortion, Slouch, Step
From Time


You were in the Dungeon.
You worshipped Cheibriados.
Cheibriados was extremely pleased with you.
You visited 1 branch

Inventory:

Hand Weapons
 B - the +6 Majin-Bo {spellvamp, MP+6 Int+6}
   (You found it in the Dungeon)

   Int:       It affects your intelligence (+6).
   MP:        It affects your magic capacity (+6).
 C - the +10 dark maul {heavy}
   (You found it in the Dungeon)
 D - the +27 heavy crossbow "Sniper" {heavy, Acc+∞ SInv}
   (You found it in the Dungeon)

   Acc+∞: It never misses its target.
   SInv:      It lets you see invisible.
 E - the +16 obsidian axe {drain, demonic, Mesm Drain Fly SInv}
   (You found it in the Dungeon)

   Mesm:      Its wielder is mesmerised by any visible foes, and it cannot be
   unequipped while any foes are visible.
   SInv:      It lets you see invisible.
   Fly:       It grants you flight.
   Drain:     It drains your maximum health when unequipped.
 H - the +11 Singing Sword {sonic wave}
   (You found it in the Dungeon)
 I - the +7 great mace "Firestarter" {flame, immolate, rFlCloud rF++}
   (You found it in the Dungeon)

   rFlCloud:  It grants immunity to clouds of flame.
   rF:        It greatly protects you from fire.
 J - the +8 lance "Wyrmbane" {slay drac, rPois rF+ rC+ AC+3}
   (You found it in the Dungeon)

   AC:        It affects your AC (+3).
   rF:        It protects you from fire.
   rC:        It protects you from cold.
   rPois:     It protects you from poison.
 K - the +7 mace of Variability {chaos, chaos arc}
   (You found it in the Dungeon)

   Cheibriados disapproves of the use of such an item.
 L - the +11 plutonium sword {Contam Stlth-}
   (You found it in the Dungeon)

   Contam:    It causes magical contamination when unequipped.
   Stlth:     It makes you less stealthy.
 M - the +13 scythe of Curses {drain, curses, Drain}
   (You found it in the Dungeon)

   Drain:     It drains your maximum health when unequipped.
 N - the +6 shillelagh "Devastator" (weapon) {shatter}
   (You found it in the Dungeon)
 O - the +8 storm bow {elec, penet}
   (You found it in the Dungeon)
 P - the +9 sword of Power {lifebolt}
   (You found it in the Dungeon)
 Q - the +9 sword of Zonguldrok {reap}
   (You found it in the Dungeon)
Armour
 a - +5 gold dragon scales
 F - the +15 Maxwell's patent armour (worn) {-Cast -Tele rElec Will+ rCorr}
   (You found it in the Dungeon)

   rElec:     It insulates you from electricity.
   -Cast:     It prevents spellcasting.
   -Tele:     It prevents most forms of teleportation.
   rCorr:     It protects you from acid and corrosion.
   Will:      It increases your willpower.
 G - the +18 shield of the Gong (worn) {Loud rN+ Will+ rCorr EV-5}
   (You found it in the Dungeon)

   Loud:      It is deafeningly noisy when blocking attacks.
   EV:        It affects your evasion (-5).
   rN:        It protects you from negative energy.
   rCorr:     It protects you from acid and corrosion.
   Will:      It increases your willpower.
Jewellery
 u - a +6 ring of dexterity
 v - a +6 ring of dexterity
 y - a +6 ring of strength (left hand)
 R - the ring of Ihav Zugh {Fly rF+ MP+9 Int+6}
   (You found it in the Dungeon)

   [ring of intelligence]

   Int:       It affects your intelligence (+6).
   rF:        It protects you from fire.
   MP:        It affects your magic capacity (+9).
   Fly:       It grants you flight.
 S - a +5 ring of evasion (right hand)
Wands
 r - a wand of mindburst (7)
 s - a wand of light (7)
 t - a wand of flame (6)
 A - a wand of digging (3)
Scrolls
 b - 4 scrolls of amnesia
 c - 7 scrolls of fog
 d - a scroll of teleportation
 j - 4 scrolls of blinking
 k - 5 scrolls of identify
 l - 2 scrolls of fear
Potions
 e - 10 potions of curing
 f - 4 potions of heal wounds
 g - 6 potions of haste
 h - 7 potions of magic
 i - 3 potions of berserk rage
 m - 2 potions of brilliance
 n - 2 potions of invisibility
 o - 4 potions of resistance
 p - a potion of experience
 q - 5 potions of might


   Skills:
 - Level 1.0 Fighting
 - Level 3.6 Throwing
 + Level 8.9 Armour
 + Level 8.7 Dodging
 - Level 1.5 Stealth
 + Level 9.5 Shields
 - Level 1.0 Spellcasting
 - Level 1.0 Earth Magic
 * Level 15.6 Invocations


You had 10 spell levels left.
You knew the following spells:

 Your Spells              Type           Power      Damage    Failure   Level
a - Sandblast             Erth           14%        2d6       52%         1

Your spell library contained the following spells:

 Spells                   Type           Power      Damage    Failure   Level
 Foxfire                  Conj/Fire      4%         2x1d4     67%         1
 Stone Arrow              Conj/Erth      8%         3d7       92%         3
 Fireball                 Conj/Fire      0%         3d3       100%        5
 Plasma Beam              Fire/Air       0%         2x1d11    100%        6
 Starburst                Conj/Fire      0%         6d3       100%        6


Dungeon Overview and Level Annotations

Branches:
Dungeon (1/1)

Altars:
Ashenzari
Cheibriados
Dithmenos
Elyvilon
Fedhas
Gozag
Hepliaklqana
Kikubaaqudgha
Makhleb
Nemelex Xobeh
Okawaru
Qazlal
Ru
Sif Muna
Trog
Uskayaw
Vehumet
Wu Jian
Xom
Yredelemnul
Zin
The Shining One
Jiyva
Lugonu

Annotations:
D 1 transporter


Innate Abilities, Weirdness & Mutations

Your serpentine skin is tough. (AC +3)
You have supernaturally acute eyesight. (SInv)
Armour fits poorly on your strangely shaped body.
Your system is resistant to poisons. (rPois)
You cover ground very slowly.
You can spit poison.
You have a snake-like lower body.


Message History

The vile air hits you but does no damage.
You block the wight's attack.
GONNNNG!
Unknown command.
Unknown command.
The mummy priest attacks as you move away!
You block the mummy priest's attack.
PANG!
You feel extremely sick. You block the wight's attack.
GONNNNG!
The ushabti shakes and rattles deafeningly!
The ball python zombie barely misses you.
You block the wight's attack.
BONNNG!
You block the mummy priest's attack.
PTOANNNG!
The mummy closely misses you. The wight hits you with a +0 flail.
* * * LOW HITPOINT WARNING * * *
You block the mummy priest's attack.
PANG!
The ushabti shakes and rattles deafeningly!
The mummy barely misses you. The wight barely misses you.
The freezing wraith hits you but does no damage. x2
Activating: Slouch (0% risk of failure)
Press: ? - help, Dir - look around, f - activate You can feel time thicken for a moment.
You destroy the wight!
The wight disappears in a puff of smoke!
You destroy the mummy!
Cheibriados appreciates the change of pace.
Cheibriados raises the support of your attributes as your movement slows.
You destroy the ball python zombie!
Cheibriados appreciates the change of pace.
Cheibriados lowers the support of your attributes as your movement quickens.
You feel sick. The mummy priest barely misses you.
The freezing wraith hits you!
* * * LOW HITPOINT WARNING * * *
The freezing wraith freezes you!
You die...

▓...©....▓...©....▓
▓▓▓▓▓▓▓▓▓▓▓▓▓▓▓▓▓▓▓
▓..8©8..▓ ▓..:?[..▓
▓..[="..▓ ▓.......▓
▓...9...▓ ▓.W§....▓
▓..@M...▓ ▓.▓...▓.▓
▓...©...▓ ▓▓▓▓▓▓▓▓▓


You could see a mummy priest, an ushabti (catching breath) and a freezing wraith
(summoned).

Vanquished Creatures
  A deep elf archer (D)
  A deep elf zephyrmancer (D)
  5 draconians (D)
  A hellwing (D)
  An air elemental (D)
  A fire elemental (D)
  A naga (D)
  A water moccasin (D)
  2 orc priests (D)
  A mummy (D)
  A white imp (D)
  An orc (D)
  A bat skeleton (D)
  A bat zombie (D)
  2 ball pythons (D)
  A ball python zombie (D)
22 creatures vanquished.

Notes
Turn   | Place    | Note
-------+----------+-------------------------------------------
     0 | D        | Groucho the Naga Wanderer began the quest for the Orb.
     0 | D        | Groucho set off with the following items: a +2 dagger, 3
                  | curare-tipped darts, a +0 ring mail, a scroll of
                  | teleportation, a potion of curing, a potion of heal wounds,
                  | a potion of haste, 2 potions of magic, a potion of berserk
                  | rage, a scroll of blinking; and the following spell
                  | memorised: Sandblast; and the following spells available to
                  | memorise: Stone Arrow.
     0 | D        | Reached XP level 1. HP: 18/18 MP: 2/2
    14 | D        | Found a blossoming altar of Fedhas.
    14 | D        | Found the +6 Majin-Bo {spellvamp, MP+6 Int+6}
    14 | D        | Found the +27 heavy crossbow "Sniper" {heavy, Acc+∞ SInv}
    14 | D        | Found the +10 dark maul {heavy}
    14 | D        | Found the +15 Maxwell's patent armour {-Cast -Tele rElec
                  | Will+ rCorr}
    14 | D        | Found the +18 shield of the Gong {Loud rN+ Will+ rCorr
                  | EV-5}
    14 | D        | Found the +16 obsidian axe {drain, demonic, Mesm Drain Fly
                  | SInv}
    14 | D        | Found the +7 great mace "Firestarter" {flame, immolate,
                  | rFlCloud rF++}
    14 | D        | Found the +6 shillelagh "Devastator" {shatter}
    14 | D        | Found the +11 plutonium sword {Contam Stlth-}
    14 | D        | Found the +8 lance "Wyrmbane" {slay drac, rPois rF+ rC+
                  | AC+3}
    14 | D        | Found the +9 sword of Zonguldrok {reap}
    14 | D        | Found the +13 scythe of Curses {drain, curses, Drain}
    14 | D        | Found the +9 sword of Power {lifebolt}
    14 | D        | Found the +7 mace of Variability {chaos, chaos arc}
    14 | D        | Found the +11 Singing Sword {sonic wave}
    14 | D        | Found the +8 storm bow {elec, penet}
    15 | D        | Found a viscous altar of Jiyva.
    15 | D        | Found a transporter.
    15 | D        | Found a hazy altar of Hepliaklqana.
    15 | D        | Found an ancient bone altar of Kikubaaqudgha.
    15 | D        | Found an opulent altar of Gozag.
    15 | D        | Found a corrupted altar of Lugonu.
    19 | D        | Found a burning altar of Makhleb.
    20 | D        | Found a stormy altar of Qazlal.
    20 | D        | Found an iron altar of Okawaru.
    20 | D        | Found a sacrificial altar of Ru.
    20 | D        | Found a sparkling altar of Nemelex Xobeh.
    20 | D        | Found a shimmering blue altar of Sif Muna.
    20 | D        | Found a bloodstained altar of Trog.
    79 | D        | Became a worshipper of Cheibriados the Contemplative
    94 | D        | Entered arena 2.
    94 | D        | Noticed a hellwing
    94 | D        | Found a transporter.
   107 | D        | Killed a hellwing
   107 | D        | Reached * piety under Cheibriados
   108 | D        | Reached skill level 7 in Invocations
   108 | D        | Reached XP level 2. HP: 19/25 MP: 2/6
   108 | D        | Reached XP level 3. HP: 24/31 MP: 2/8
   108 | D        | Reached XP level 4. HP: 29/38 MP: 2/9
   108 | D        | Reached XP level 5. HP: 34/44 MP: 2/10
   558 | D        | Entered arena 3.
   558 | D        | Found a transporter.
   561 | D        | Reached ** piety under Cheibriados
   562 | D        | Reached skill level 8 in Invocations
   562 | D        | Reached XP level 6. HP: 49/51 MP: 10/12
   566 | D        | Got the ring of Ihav Zugh {Fly rF+ MP+9 Int+6}
   571 | D        | Entered arena 4.
   571 | D        | Noticed a water moccasin
   571 | D        | Noticed a naga
   571 | D        | Found a transporter.
   573 | D        | Killed a water moccasin
   573 | D        | Reached *** piety under Cheibriados
   574 | D        | Reached skill level 5 in Armour
   574 | D        | Reached skill level 5 in Dodging
   574 | D        | Reached skill level 5 in Shields
   574 | D        | Reached skill level 9 in Invocations
   576 | D        | Killed a naga
   577 | D        | Reached skill level 10 in Invocations
   577 | D        | Reached XP level 7. HP: 39/57 MP: 12/14
   723 | D        | Entered arena 5.
   723 | D        | Noticed a deep elf archer
   723 | D        | Noticed a fire elemental
   723 | D        | Noticed an air elemental
   723 | D        | Noticed a deep elf zephyrmancer
   723 | D        | Found a transporter.
   723 | D        | Paralysed by an air elemental for 1 turns
   727 | D        | Paralysed by an air elemental for 1 turns
   731 | D        | HP: 2/56 [fire elemental (6)]
   732 | D        | Paralysed by an air elemental for 1 turns
   740 | D        | Killed an air elemental
   740 | D        | Reached **** piety under Cheibriados
   741 | D        | Killed a deep elf zephyrmancer
   742 | D        | Reached skill level 12 in Invocations
   742 | D        | Reached XP level 8. HP: 28/64 MP: 14/17
   754 | D        | Killed a deep elf archer
   754 | D        | Reached ***** piety under Cheibriados
   755 | D        | Reached skill level 13 in Invocations
   755 | D        | Reached XP level 9. HP: 37/70 MP: 17/19
   974 | D        | Entered arena 6.
   974 | D        | Noticed a draconian
   974 | D        | Noticed a draconian
   974 | D        | Noticed a draconian
   974 | D        | Noticed a draconian
   974 | D        | Noticed a draconian
   974 | D        | Found a transporter.
   978 | D        | Killed a draconian
   979 | D        | Killed a draconian
   979 | D        | Killed a draconian
   979 | D        | Killed a draconian
   980 | D        | Reached skill level 15 in Invocations
   981 | D        | Killed a draconian
   982 | D        | Reached XP level 10. HP: 77/78 MP: 10/21
   999 | D        | Entered arena 7.
   999 | D        | Noticed a mummy priest
  1000 | D        | Found a transporter.
  1004 | D        | Mangled by a freezing wraith

Illustrated notes

Levels and vault maps discovered:
D:        sprint_v [room_start, room_1, room_2, room_3, room_4, room_5, room_6,
          room_7, room_8, room_9, room_10, room_11, room_12, room_13, room_14,
          room_15, room_16, room_17, room_18, room_19, room_20, room_21,
          room_22, room_23, room_24, room_25, room_26, room_27]

Skill      XL: |  1  2  3  4  5  6  7  8  9 |
---------------+----------------------------+-----
Armour         | 4 5 6 7 8 |  8.9
Dodging        | 4 5 6 7 8 |  8.7
Shields        | 4 5 7 8 9 |  9.5
Invocations    | 7 8 10 12 13 15 | 15.6
Fighting       | |  1.0
Throwing       | |  3.6
Stealth        | |  1.5
Spellcasting   | |  1.0
Earth Magic    | |  1.0

Action                     |  1- 3 |  4- 6 |  7- 9 | 10-12 || total
---------------------------+-------+-------+-------+-------++-------
  Melee: Lance             |     6 |       |       |       ||     6
         Shillelagh        |     5 |     5 |    25 |     1 ||    36
 Invoke: Slouch            |       |       |     2 |     1 ||     3
    Use: Potion            |     1 |       |     5 |       ||     6
 Armour: Plate armour      |    10 |     3 |    38 |     7 ||    58
  Dodge: Dodged            |       |       |     5 |    10 ||    15
  Block: Kite shield       |    26 |     4 |    66 |    10 ||   106
